 Dungeon Crawl Stone Soup version 0.22.1-2-g9c5b331 (console) character file.

46291 utis the Nimble (level 14, 88/88 HPs)
             Began as a Deep Elf Ice Elementalist on Nov 20, 2018.
             Was a High Priest of Sif Muna.
             Quit the game on level 12 of the Dungeon on Nov 27, 2018.
             The game lasted 02:24:25 (44743 turns).

utis the Nimble (Deep Elf Ice Elementalist)        Turns: 44743, Time: 02:24:26

Health: 88/88      AC: 12    Str:  8    XL:     14   Next: 4%
Magic:  31/31      EV: 22    Int: 26    God:    Sif Muna [*****.]
Gold:   721        SH:  9    Dex: 15    Spells: 8/36 levels left

rFire    . . .     SeeInvis .   a - +5 short sword (elec)
rCold    + . .     Gourm    .   V - +0 buckler
rNeg     . . .     Faith    .   u - +0 acid dragon scales
rPois    .         Spirit   +   K - +0 helmet
rElec    .         Reflect  +   O - scarf {Spirit}
rCorr    +         Harm     .   z - +2 pair of gloves {Str+3}
MR       +....                  W - +1 pair of boots
Stlth    +++.......             H - +4 amulet of reflection
HPRegen  0.24/turn              C - ring of protection from cold
MPRegen  0.22/turn              E - +3 ring of evasion

@: divine energy
A: no striking features
a: Stop Divine Energy, Channel Magic, Forget Spell, Renounce Religion


You were on level 12 of the Dungeon.
You worshipped Sif Muna.
Sif Muna was extremely pleased with you.
You were not hungry.

You visited 4 branches of the dungeon, and saw 21 of its levels.

You collected 2219 gold pieces.
You spent 1498 gold pieces at shops.

Inventory:

Hand Weapons
 a - a +5 short sword of electrocution (weapon)
 j - a +1 short sword
 l - a +0 hunting sling
Missiles
 t - 388 stones (quivered)
Armour
 u - +0 acid dragon scales (worn)
 y - a scarf of resistance
 z - a +2 pair of gloves of strength (worn)
 K - a +0 helmet (worn)
 O - a scarf of spirit shield (worn)
 V - a +0 buckler (worn)
 W - a +1 pair of boots (worn)
Magical Staves
 b - an uncursed staff of energy {!a}
 F - an uncursed staff of power {!a}
 L - an uncursed staff of air
Jewellery
 C - a ring of protection from cold (left hand)
 E - a +3 ring of evasion (right hand)
 H - a +4 amulet of reflection (around neck)
 Q - an uncursed amulet of regeneration {unknown}
Wands
 d - a wand of clouds (7)
 f - a wand of acid (13)
 m - a wand of digging (11)
 v - a wand of iceblast (32)
 w - a wand of paralysis (14)
 A - a wand of flame (125)
 J - a wand of polymorph (28)
 X - a wand of disintegration (19) {@e1}
Scrolls
 p - a scroll of blinking
 q - 6 scrolls of fog
 r - 6 scrolls of remove curse {@r2}
 B - a scroll of enchant weapon
 G - a scroll of amnesia
 M - 3 scrolls of fear
 P - a scroll of summoning
 R - 3 scrolls of magic mapping
 T - 5 scrolls of teleportation {@r4}
 Z - 5 scrolls of identify {@r1}
Potions
 e - 3 potions of curing {@q1}
 g - 5 potions of lignification
 h - 3 potions of mutation {!q}
 i - 4 potions of flight
 k - a potion of agility
 n - 3 potions of resistance
 o - 3 potions of heal wounds {@q2}
 s - 2 potions of might
 D - 3 potions of magic
 I - 4 potions of cancellation
 N - 2 potions of haste {@q3}
 S - a potion of invisibility
Miscellaneous
 Y - a phantom mirror
Comestibles
 c - 8 rations {@e1}


   Skills:
 - Level 10.0 Fighting
 - Level 13.2 Dodging
 - Level 5.0 Stealth
 - Level 4.0 Shields
 + Level 11.5 Spellcasting
 - Level 10.0 Conjurations
 - Level 8.0 Summonings
 + Level 3.9 Translocations
 - Level 10.0 Ice Magic
 - Level 5.0 Evocations


You had 8 spell levels left.
You knew the following spells:

 Your Spells              Type           Power        Failure   Level  Hunger
b - Summon Ice Beast      Ice/Summ       ######..     1%          4    None
c - Throw Icicle          Conj/Ice       ######..     1%          4    None
f - Ice Form              Ice/Tmut       #####...     9%          4    None
o - Ozocubu's Armour      Chrm/Ice       #####...     2%          3    None
u - Summon Forest         Summ/Tloc      #####.....   17%         5    ###....
w - Throw Frost           Conj/Ice       ######       1%          2    None
z - Freeze                Ice            ####         1%          1    None
Y - Aura of Abjuration    Summ           ######....   7%          5    ###....

Your spell library contained the following spells:

 Spells                   Type           Power        Failure   Level  Hunger
 Call Imp                 Summ           ######..     1%          2    None
 Beastly Appendage        Tmut           ###...       7%          1    None
 Corona                   Hex            ###....      7%          1    None
 Sticks to Snakes         Tmut           ###.....     11%         2    None
 Spider Form              Tmut/Pois      ###.......   22%         3    None
 Leda's Liquefaction      Hex/Erth       ###.......   56%         4    None
 Blade Hands              Tmut           ###.......   89%         5    ###....
 Summon Greater Demon     Summ           ######....   91%         7    ######.
 Haunt                    Necr/Summ      #####.....   100%        7    ######.


Dungeon Overview and Level Annotations

Branches:
Dungeon (13/15)            Temple (1/1) D:4            Lair (6/6) D:8
  Swamp (0/4) Lair:2       Spider (0/4) Lair:3        Slime (0/5) Lair:6
    Orc (2/2) D:12            Elf (0/3) Orc:2
 Vaults: D:13-14

Altars:
Ashenzari
Cheibriados
Dithmenos
Elyvilon
Fedhas
Gozag
Hepliaklqana
Kikubaaqudgha
Makhleb
Nemelex Xobeh
Okawaru
Qazlal
Ru
Sif Muna
Trog
Uskayaw
Vehumet
Wu Jian
Xom
Yredelemnul
Zin
The Shining One
Beogh
Jiyva

Shops:
Orc:2 :[(*[

Portals:
Trove: D:13 (give horn of Geryon)

Annotations:
Lair:6 3 runed doors, Nilihum's ghost, journeyman HuBe


Message History

Wear which item? (? for menu, Esc to quit)
Okay, then.
Partly explored, can't reach some items.
Partly explored, can't reach some items.
Partly explored, can't reach some items.
Partly explored, can't reach some items.
Okay, then.
Okay, then.
Okay, then.
Unknown command.
Okay, then.
Unknown command.
You have no ailments to cure.
Unknown command.
Unknown command.
Saving game... please wait.
Welcome back, utis the Deep Elf Ice Elementalist.
Sif Muna whispers: I know many secrets...
Press ? for a list of commands and other information.
Are you sure you want to abandon this character and quit the game? (Confirm

.░ ░.░░░░░░░......░ ░.░░░.░░.░
.░░░░.░░░ ░░░...░░ ░..░.....░
.░......░ ░...░ ░.░.░░░..░
.░.░░.░.░░ ░...░ ░.░.░░░..░
.........░ ░...░ ░░.░......░
......░..░░░░░░...░░░░░..........
......░..░.....<........)........
............................)....
░░.......░......e.......░░..<░░░.
.....░░░.░░░░░░...░░░░░>░░...░...
░░.......░ ░...░ ░..........
░.....░░░░ ░...░ ░░░░░.░░.░░
░.....░ ░...░ ░...... ░.....░
░...░ ░░░░.░░ ░░...░░ ░░░░.░░░░
░░░ ░.░░ ...░░░ ░.....[.░
░░.░░░... ░..░
░.░░§░░.░░░░░.░.░░.░░


There were no monsters in sight!

Vanquished Creatures
  Erolcha (D:11)
  A catoblepas (Lair:6)
  3 two-headed ogres
  An unseen horror (D:12)
  Pikel (D:8)
  A lindwurm (Lair:6)
  An orc sorcerer (Orc:2)
  A cyclops (D:13)
  An elephant (Lair:6)
  4 black mambas
  A torpor snail (Lair:6)
  4 spiny frogs
  4 komodo dragons
  A kobold demonologist (D:9)
  3 trolls
  4 hornets (Lair:6)
  4 blink frogs (Lair:1)
  2 meliai (D:13)
  5 hippogriffs
  A dream sheep (Lair:6)
  8 yaks
  Eustachio (D:4)
  3 wraiths
  4 basilisks
  2 wyverns
  A steam dragon (D:11)
  2 wargs (Orc:2)
  An acid dragon (D:12)
  9 water moccasins
  11 porcupines
  A slave (D:9)
  11 orc warriors
  A phantom (D:11)
  5 ogres
  An ice beast (D:13)
  A wolf (Lair:6)
  2 centaurs (D:10)
  9 big kobolds (D:9)
  4 crocodiles
  6 bullfrogs
  A wyvern skeleton (D:11)
  3 scorpions
  A vampire bat (D:4)
  2 wights (D:13)
  The ghost of magicm the Conjurer, a weakling HuCj (D:3)
  3 howler monkeys
  4 crimson imps
  A bullfrog zombie (D:10)
  11 hounds
  5 jellies
  9 orc priests
  3 centaur skeletons
  Jessica (D:2)
  5 iguanas
  Ijyb (D:3)
  Natasha (thrice) (D:2)
  16 orc wizards
  6 worker ants
  A hound zombie (D:5)
  Robin (D:3)
  9 adders
  4 shadow imps
  7 oozes
  3 worms (D:2)
  4 dart slugs
  2 fire bats (D:4)
  6 leopard geckos
  38 orcs
  A spectral bat (D:4)
  18 bats
  2 bat skeletons (D:4)
  5 giant cockroaches
  16 goblins
  5 hobgoblins
  17 jackals
  2 quokkas (D:8)
  5 frilled lizards
  14 kobolds
  13 rats
376 creatures vanquished.

Vanquished Creatures (collateral kills)
  Gastronok (D:8)
  Frances (D:13)
  An orc warlord (Orc:1)
  A dire elephant (Lair:6)
  Azrael (D:12)
  Josephine (Orc:2)
  A fire dragon (Lair:6)
  8 hydras
  2 two-headed ogres
  5 death yaks
  An orc high priest (Orc:2)
  3 skeletal warriors
  A lindwurm (Lair:6)
  4 orc knights
  An orc sorcerer (Orc:2)
  2 manticores (Lair:6)
  A wolf spider (Lair:3)
  Maurice (D:13)
  2 ugly things
  An elephant (Lair:6)
  3 black mambas
  4 spiny frogs
  A gargoyle (D:10)
  6 torpor snails
  3 rime drakes
  4 komodo dragons
  2 trolls
  4 tyrant leeches (Lair:6)
  A meliai (D:13)
  Grinder (D:3)
  4 hippogriffs
  4 hornets (Lair:6)
  5 blink frogs (Lair:5)
  2 dream sheep (Lair:6)
  A shadow (D:10)
  15 yaks
  2 wraiths
  2 hungry ghosts
  A warg (Orc:2)
  4 water moccasins
  2 hell hounds (D:11)
  10 orc warriors
  3 porcupines
  4 ice beasts
  A phantom (D:5)
  3 ogres
  3 wolves (Lair:6)
  4 centaurs (D:11)
  4 crocodiles
  A big kobold (D:9)
  4 bullfrogs
  A scorpion (D:9)
  10 killer bees
  2 wights
  An electric eel (D:11)
  2 quasits
  4 orc priests (Orc:2)
  7 orc wizards
  A worker ant (D:8)
  A hound skeleton (D:8)
  2 worker ant zombies
  A fire bat (D:4)
  23 orcs
  A spectral bat (D:4)
  A bat (D:4)
  A bat skeleton (D:4)
  A bat zombie (D:4)
  2 jackals (D:11)
  A bat simulacrum (D:4)
  A kobold (D:9)
  A fungus (Lair:6)
  2 plants (Lair:6)
213 creatures vanquished.

Vanquished Creatures (others)
  A ghoul (D:1)
  An octopode (D:1)
  A gargoyle (D:1)
  A troll (D:1)
  2 formicids (D:1)
  A spriggan (D:1)
  3 dwarves (D:1)
  A swamp drake (D:13)
  3 slaves (D:8)
  2 ogres
  An adder (D:8)
  3 orcs
  2 kobolds (D:1)
  16 fungi
  20 plants
  5 tentacles (D:1)
63 creatures vanquished.

Grand Total: 652 creatures vanquished

Notes
Turn   | Place    | Note
-------+----------+-------------------------------------------
     0 | D:1      | utis the Deep Elf Ice Elementalist began the quest for the
                  | Orb.
     0 | D:1      | Reached XP level 1. HP: 10/10 MP: 6/6
     2 | D:1      | Noticed a troll
     2 | D:1      | Noticed an ogre
     2 | D:1      | Noticed a formicid
     2 | D:1      | Noticed a dwarf
     2 | D:1      | Noticed a kraken
     2 | D:1      | Noticed a ghoul
     2 | D:1      | Noticed a dwarf
     2 | D:1      | Noticed a formicid
     2 | D:1      | Noticed a spriggan
     2 | D:1      | Noticed an octopode
     2 | D:1      | Noticed a gargoyle
     2 | D:1      | Noticed a dwarf
     4 | D:1      | Killed a dwarf
     4 | D:1      | Killed a dwarf
     6 | D:1      | Killed a gargoyle
     7 | D:1      | Killed an octopode
     7 | D:1      | Killed a spriggan
     7 | D:1      | Killed a formicid
    10 | D:1      | Killed a troll
    10 | D:1      | Killed an ogre
    10 | D:1      | Killed a dwarf
    11 | D:1      | Killed a ghoul
    11 | D:1      | Killed a formicid
   187 | D:1      | Reached XP level 2. HP: 11/15 MP: 6/8
   829 | D:1      | Reached XP level 3. HP: 19/19 MP: 7/9
  1320 | D:2      | Noticed Jessica
  1357 | D:2      | Killed Jessica
  1357 | D:2      | Reached skill level 5 in Ice Magic
  1743 | D:2      | Reached XP level 4. HP: 20/24 MP: 8/10
  1776 | D:2      | Noticed Natasha
  2148 | D:2      | Learned a level 3 spell: Ozocubu's Armour
  2153 | D:2      | Learned a level 4 spell: Throw Icicle
  2239 | D:2      | Killed Natasha
  2748 | D:2      | Found a white marble altar of Elyvilon.
  2748 | D:2      | Found an opulent altar of Gozag.
  3051 | D:2      | Noticed Natasha
  3062 | D:2      | Killed Natasha
  3062 | D:2      | Reached XP level 5. HP: 21/28 MP: 3/12
  3130 | D:2      | Learned a level 2 spell: Throw Frost
  3136 | D:2      | Noticed Natasha
  3149 | D:2      | Killed Natasha
  3405 | D:3      | Found a runed door.
  3516 | D:3      | Noticed magicm's ghost (weakling HuCj)
  3867 | D:3      | Noticed Ijyb
  3879 | D:3      | Killed Ijyb
  4086 | D:3      | Noticed Robin
  4233 | D:3      | Killed Robin
  4233 | D:3      | Reached XP level 6. HP: 12/32 MP: 4/14
  4952 | D:3      | Noticed Grinder
  5041 | D:3      | Learned a level 4 spell: Summon Ice Beast
  5279 | D:4      | Reached skill level 1 in Summonings
  5658 | D:4      | Found an ancient bone altar of Kikubaaqudgha.
  5666 | D:4      | Found a glowing golden altar of the Shining One.
  5671 | D:4      | Noticed Eustachio
  5678 | D:4      | Found a bloodstained altar of Trog.
  5696 | D:4      | Killed Eustachio
  5696 | D:4      | Reached XP level 7. HP: 32/36 MP: 4/15
  5859 | D:3      | Killed Grinder
  5859 | D:3      | Reached skill level 5 in Summonings
  6023 | D:3      | Killed magicm's ghost
  6550 | D:4      | Reached skill level 3 in Dodging
  6633 | D:4      | Reached skill level 4 in Dodging
  6878 | D:4      | Reached XP level 8. HP: 40/41 MP: 6/16
  7089 | D:4      | Reached skill level 5 in Dodging
  7333 | D:4      | Found a staircase to the Ecumenical Temple.
  7431 | D:4      | Reached skill level 1 in Fighting
  7744 | D:5      | Entered Level 5 of the Dungeon
  8337 | Temple   | Entered the Ecumenical Temple
  8482 | Temple   | Became a worshipper of Sif Muna the Loreminder
  9615 | D:6      | You fall through a shaft for 3 floors!
  9661 | D:8      | Noticed Gastronok
  9667 | D:9      | Reached skill level 5 in Spellcasting
 10030 | D:9      | Noticed a kobold demonologist
 10178 | D:8      | Noticed Pikel
 10186 | D:9      | Reached skill level 5 in Conjurations
 10213 | D:9      | Reached XP level 9. HP: 47/52 MP: 9/18
 10264 | D:9      | Noticed a smoke demon
 10264 | D:9      | Killed a kobold demonologist
 10264 | D:9      | Reached * piety under Sif Muna
 10512 | D:9      | Reached skill level 6 in Dodging
 11082 | D:8      | Killed Pikel
 11082 | D:8      | Reached skill level 5 in Fighting
 11082 | D:8      | Reached skill level 7 in Dodging
 11599 | D:8      | heh
 11620 | D:8      | Killed Gastronok
 11620 | D:8      | Reached skill level 8 in Dodging
 11620 | D:8      | Reached XP level 10. HP: 60/60 MP: 1/19
 11747 | D:8      | Reached ** piety under Sif Muna
 11867 | D:8      | Found a stormy altar of Qazlal.
 12207 | D:8      | Found a staircase to the Lair.
 12466 | D:9      | Found a shattered altar of Ashenzari.
 12747 | D:10     | Entered Level 10 of the Dungeon
 12957 | D:10     | Noticed a gargoyle
 13125 | D:10     | Killed a gargoyle
 13749 | D:10     | Noticed a two-headed ogre
 13760 | D:10     | Killed a two-headed ogre
 14438 | D:10     | my my
 14524 | D:11     | Noticed a brown ugly thing
 14545 | D:11     | Killed a brown ugly thing
 14828 | Lair:1   | Entered Level 1 of the Lair of Beasts
 14860 | Lair:1   | Reached skill level 1 in Evocations
 15467 | Lair:1   | Reached skill level 5 in Evocations
 15467 | Lair:1   | Reached XP level 11. HP: 7/64 MP: 8/22
 17246 | Lair:1   | sshhh
 18640 | Lair:2   | Reached skill level 5 in Stealth
 18816 | Lair:2   | Found a staircase to the Swamp.
 19272 | Lair:2   | Reached *** piety under Sif Muna
 19801 | Lair:3   | Reached skill level 9 in Dodging
 20436 | Lair:3   | Found a stormy altar of Qazlal.
 20581 | Lair:3   | Found a hole to the Spider Nest.
 20581 | Lair:3   | Noticed a wolf spider
 20589 | Lair:3   | Killed a wolf spider
 20589 | Lair:3   | Reached skill level 10 in Dodging
 20830 | Lair:3   | Noticed a death yak
 20831 | Lair:3   | Noticed a death yak
 20860 | Lair:3   | Killed a death yak
 20862 | Lair:3   | uh oh
 20899 | Lair:3   | Killed a death yak
 21242 | Lair:4   | Noticed a six-headed hydra
 21358 | Lair:4   | Killed a six-headed hydra
 21358 | Lair:4   | Reached skill level 11 in Dodging
 22756 | Lair:4   | Reached XP level 12. HP: 73/73 MP: 9/23
 23117 | Lair:5   | Noticed an eight-headed hydra
 23123 | Lair:5   | Killed an eight-headed hydra
 24314 | Lair:5   | Noticed a six-headed hydra
 24329 | Lair:5   | Killed a six-headed hydra
 24633 | Lair:6   | Entered Level 6 of the Lair of Beasts
 24671 | Lair:6   | Noticed a seven-headed hydra
 24683 | Lair:6   | Killed a seven-headed hydra
 24791 | Lair:6   | Noticed a six-headed hydra
 24797 | Lair:6   | Killed a six-headed hydra
 25012 | Lair:6   | Found a runed gate.
 25012 | Lair:6   | Found a runed gate.
 25012 | Lair:6   | Found a runed gate.
 25013 | Lair:6   | Noticed Nilihum's ghost (journeyman HuBe)
 25016 | Lair:6   | Noticed a five-headed hydra
 25016 | Lair:6   | Noticed an eight-headed hydra
 25031 | Lair:6   | Killed a five-headed hydra
 25115 | Lair:6   | Killed an eight-headed hydra
 25561 | Lair:6   | Found a runed door.
 25756 | Lair:6   | Paralysed by a hornet for 1 turns
 25763 | Lair:6   | Found a staircase to the Slime Pits.
 25775 | Lair:6   | Found a viscous altar of Jiyva.
 26030 | Lair:6   | Noticed a seven-headed hydra
 26292 | Lair:5   | Reached **** piety under Sif Muna
 26445 | Lair:6   | Killed a seven-headed hydra
 27589 | Lair:6   | Reached skill level 12 in Dodging
 27611 | Lair:6   | Noticed a death yak
 27636 | Lair:6   | Killed a death yak
 27935 | Lair:6   | Noticed a death yak
 28005 | Lair:6   | Noticed a dire elephant
 28037 | Lair:6   | Killed a death yak
 28797 | Lair:6   | Noticed a fire dragon
 28824 | Lair:6   | HP: 1/76 [fire dragon/blast of flame (15)]
 29650 | Lair:6   | Killed a dire elephant
 29650 | Lair:6   | Reached skill level 13 in Dodging
 29812 | Lair:6   | Noticed a catoblepas
 30498 | Lair:6   | Reached XP level 13. HP: 57/80 MP: 12/28
 31385 | Lair:6   | Paralysed by a hornet for 1 turns
 31683 | Lair:6   | Killed a fire dragon
 32522 | D:11     | Noticed Erolcha
 32970 | D:11     | Reached skill level 10 in Fighting
 33416 | D:11     | Reached skill level 1 in Shields
 33568 | D:11     | Killed Erolcha
 33765 | D:11     | Found a shadowy altar of Dithmenos.
 35383 | D:12     | Found a staircase to the Orcish Mines.
 35553 | Orc:1    | Entered Level 1 of the Orcish Mines
 35877 | Orc:1    | Found a roughly hewn altar of Beogh.
 36003 | Orc:1    | Noticed Josephine
 36880 | Orc:2    | Entered Level 2 of the Orcish Mines
 37119 | Orc:2    | Noticed an orc warlord
 37504 | Orc:1    | Killed an orc warlord
 38448 | Orc:2    | Reached ***** piety under Sif Muna
 38643 | Orc:2    | Reached skill level 10 in Spellcasting
 39070 | Orc:2    | Found a staircase to the Elven Halls.
 39180 | Orc:2    | Identified Weajoama's Handbook of Enchanting Illusion (Sif
                  | Muna gifted it to you on level 2 of the Orcish Mines)
 39180 | Orc:2    | Received a gift from Sif Muna
 39374 | Orc:2    | Found a roughly hewn altar of Beogh.
 39788 | Orc:2    | Killed Josephine
 39788 | Orc:2    | Reached skill level 10 in Ice Magic
 40223 | Orc:2    | Found a roughly hewn altar of Beogh.
 40242 | Orc:2    | Reached skill level 10 in Conjurations
 40373 | Orc:2    | Learned a level 5 spell: Summon Forest
 40379 | Orc:2    | Learned a level 5 spell: Aura of Abjuration
 40901 | Orc:2    | Found Nockag's Antique Armour Shop.
 40910 | Orc:2    | Found Qemu's General Store.
 41014 | Orc:2    | Found Qogaerr's Antique Weapon Shop.
 41029 | Orc:2    | Found Fiuguav's Book Shop.
 41036 | Orc:2    | Bought a book of Changes for 325 gold pieces
 41041 | Orc:2    | Learned a level 4 spell: Ice Form
 41223 | Orc:2    | Found Deuvu's Antique Armour Emporium.
 41337 | Orc:2    | Bought a cloak for 112 gold pieces
 41337 | Orc:2    | Bought a helmet for 112 gold pieces
 41337 | Orc:2    | Bought a pair of boots for 112 gold pieces
 41337 | Orc:2    | Bought a pair of glowing gloves for 187 gold pieces
 41529 | Orc:2    | Bought an amber-encrusted ring mail for 234 gold pieces
 41539 | Orc:2    | Identified the +2 ring mail "Laotie" {rF+} (You bought it
                  | in a shop on level 2 of the Orcish Mines)
 41570 | Orc:2    | Bought an ancient scale mail for 234 gold pieces
 41580 | Orc:2    | Identified the +4 scale mail of the Pits of Slime {rPois
                  | Str+4 Int+4} (You bought it in a shop on level 2 of the
                  | Orcish Mines)
 41580 | Orc:2    | Bought a slimy leather armour for 182 gold pieces
 41590 | Orc:2    | Identified the +3 leather armour of the Undertaker {Str+4
                  | Stlth+} (You bought it in a shop on level 2 of the Orcish
                  | Mines)
 41698 | D:13     | Found a portal to a secret trove of treasure.
 41698 | D:13     | Noticed Azrael
 42014 | D:13     | Reached skill level 1 in Translocations
 42166 | D:13     | Noticed Frances
 42713 | D:13     | Noticed Maurice
 42723 | D:13     | Killed Maurice
 43126 | D:13     | Killed Frances
 43448 | D:13     | Reached XP level 14. HP: 87/88 MP: 19/31
 44362 | D:11     | Found a shadowy altar of Dithmenos.
 44658 | D:12     | Killed Azrael
 44743 | D:12     | Quit the game

Skill      XL: |  1  2  3  4  5  6  7  8  9 10 11 12 13 |
---------------+----------------------------------------+-----
Ice Magic      | 4 5 6 7 8 9 10 | 10.0
Conjurations   | 2 3 5 7 9 10 | 10.0
Spellcasting   | 4 5 6 9 11 | 11.5
Summonings     | 4 6 8 |  8.0
Dodging        | 4 5 8 11 13 | 13.2
Fighting       | 4 6 7 9 10 | 10.0
Evocations     | 5 |  5.0
Stealth        | 5 |  5.0
Shields        | 4 |  4.0
Translocations | 3 |  3.9

Action                   |  1- 3 |  4- 6 |  7- 9 | 10-12 | 13-15 || total
-------------------------+-------+-------+-------+-------+-------++-------
Melee: Unarmed           |     2 |       |       |       |    19 ||    21
       Short sword       |     2 |     1 |       |       |    28 ||    31
       Dagger            |       |       |    20 |    64 |   327 ||   411
 Fire: Hunting sling     |       |    29 |     8 |       |       ||    37
Throw: Stone             |     2 |    16 |     8 |    31 |     7 ||    64
 Cast: Freeze            |    47 |   126 |   256 |   169 |       ||   598
       Ozocubu's Armour  |       |    11 |    13 |    22 |     2 ||    48
       Summon Ice Beast  |       |       |    35 |   221 |   233 ||   489
       Throw Icicle      |       |       |     7 |   116 |    93 ||   216
       Summon Forest     |       |       |       |       |     3 ||     3
       Ice Form          |       |       |       |       |     2 ||     2
Invok: Divine Energy     |       |       |     1 |       |       ||     1
Evoke: Staff of energy   |       |       |       |    37 |       ||    37
       Wand              |       |       |       |       |     2 ||     2
  Use: Scroll            |     5 |     3 |     7 |    16 |     6 ||    37
       Potion            |       |       |       |     1 |       ||     1
 Stab: Sleeping          |     1 |       |       |     1 |     3 ||     5
       Distracted        |       |       |       |     1 |     7 ||     8
       Paralysed         |       |       |       |       |     5 ||     5
  Eat: Chunk             |     2 |    13 |    13 |    22 |    21 ||    71
       Ration            |       |       |     4 |    13 |     8 ||    25
Armor: Robe              |     6 |    10 |    86 |    16 |       ||   118
       Leather armour    |       |       |       |    23 |    22 ||    45
       Acid dragon scale |       |       |       |       |    63 ||    63
Dodge: Dodged            |    21 |    59 |   290 |   271 |   409 ||  1050
Block: Other             |       |       |    22 |    45 |    30 ||    97
       Reflection        |       |       |     1 |     1 |    15 ||    17
       Buckler           |       |       |       |       |   147 ||   147
